 Dungeon Crawl Stone Soup version 0.22-a0-402-ga933591 (webtiles) character file.

229 4thArraOfDagon the Firebug (level 5, 0/38 HPs)
             Began as a Draconian Fire Elementalist on May 7, 2018.
             Was an Initiate of Sif Muna.
             Succumbed to a worker ant's poison
             ... on level 3 of the Dungeon.
             The game lasted 00:06:53 (1371 turns).

4thArraOfDagon the Firebug (DrFE)                   Turns: 1371, Time: 00:06:53

Health: 0/38       AC:  5    Str: 10    XL:     5   Next: 71%
Magic:  5/9        EV: 17    Int: 17    God:    Sif Muna [......]
Gold:   97         SH:  0    Dex: 16    Spells: 1/9 levels left

rFire    . . .     SeeInvis .   a - +2 dire flail (protect)
rCold    . . .     Gourm    .   (shield currently unavailable)
rNeg     . . .     Faith    .   (armour unavailable)
rPois    .         Spirit   .   (helmet restricted)
rElec    .         Reflect  .   (no cloak)
rCorr    .         Harm     .   (no gloves)
MR       .....                  (no boots)
Stlth    +++.......             (no amulet)
HPRegen  0.12/turn              (no ring)
MPRegen  0.11/turn              (no ring)

@: agile, lethally poisoned (0 -> -4), berserk cooldown, slowed, very slow
A: unfitting armour, cold-blooded, AC +5
a: Renounce Religion


You were on level 3 of the Dungeon.
You worshipped Sif Muna.
Sif Muna was noncommittal.
You were not hungry.

You visited 2 branches of the dungeon, and saw 7 of its levels.

You collected 97 gold pieces.

Inventory:

Hand Weapons
 a - a +2 dire flail of protection (weapon)
Wands
 g - a wand of flame (36)
Scrolls
 e - a scroll of remove curse
 f - 2 scrolls of enchant weapon
 i - a scroll of teleportation
Comestibles
 b - a chunk of flesh
 h - a ration


   Skills:
 - Level 1.7 Dodging
 - Level 1.7 Stealth
 + Level 2.9 Spellcasting
 * Level 3.5 Conjurations
 * Level 4.6 Fire Magic
 + Level 1.1 Invocations


You had one spell level left.
You knew the following spells:

 Your Spells              Type           Power        Failure   Level  Hunger
a - Flame Tongue          Conj/Fire      ###..        3%          1    None
b - Conjure Flame         Conj/Fire      ###.....     10%         3    ###....
c - Sticky Flame          Conj/Fire      ###.....     32%         4    ####...


Dungeon Overview and Level Annotations

Branches:
Dungeon (6/15)             Temple (1/1) D:6

Altars:
Ashenzari
Dithmenos
Elyvilon
Gozag
Kikubaaqudgha
Nemelex Xobeh
Okawaru
Ru
Sif Muna
Trog
Uskayaw
Vehumet
Xom
Yredelemnul
Zin
The Shining One

Shops:
D:4 =

Annotations:
D:4 Edmund


Innate Abilities, Weirdness & Mutations

Your plain brown scales are hard. (AC +5)
You cannot fit into any form of body armour.
You are cold-blooded and may be slowed by cold attacks.


Message History

You feel yourself slow down.
* * * LOW HITPOINT WARNING * * *
You feel sick.
Unknown command.
* * * LOW HITPOINT WARNING * * *
You feel sick.
There is a lethal amount of poison in your body!
There is a lethal amount of poison in your body!
There is a lethal amount of poison in your body!
There is a lethal amount of poison in your body!
There is a lethal amount of poison in your body!
* * * LOW HITPOINT WARNING * * *
You feel sick.
* * * LOW HITPOINT WARNING * * *
You feel sick.
* * * LOW HITPOINT WARNING * * *
You feel sick.
* * * LOW HITPOINT WARNING * * *
You feel sick.
You die...

#.##..###.## #............
#.##..##.#.#####..#####.###.
#.##....###.......# #..# #.
#.*##..## ##.....## #..###.
*,* #.#.# #.####.# ###......
*,###.### ### #### #...)#.#.
*,,....*###_###_####.#.##.##
***##.###8...8...8##......##
#..##..@......##......##
#..#>....)....8#......##
#..##.........##......##
#####8...8...8##......##
###_###_####......# ###
######......# #.......####
#########


There were no monsters in sight!

Vanquished Creatures
  Blork the orc (D:6)
  A bullfrog (D:5)
  A jelly (D:5)
  A worker ant (D:3)
  2 adders
  A worm (D:4)
  A dart slug (D:1)
  2 orcs
  A ball python (D:5)
  2 bats
  A giant cockroach (D:2)
  A hobgoblin (D:1)
  A quokka (D:2)
  A frilled lizard (D:1)
  4 goblins
  2 kobolds (D:1)
  3 rats
26 creatures vanquished.

Notes
Turn   | Place    | Note
-------+----------+-------------------------------------------
     0 | D:1      | 4thArraOfDagon the Draconian Fire Elementalist began the quest for the Orb.
     0 | D:1      | Reached XP level 1. HP: 14/14 MP: 3/3
    87 | D:1      | Reached XP level 2. HP: 16/20 MP: 0/5
   408 | D:3      | Found an iron altar of Okawaru.
   454 | D:3      | Found a sparkling altar of Nemelex Xobeh.
   522 | D:3      | Reached XP level 3. HP: 22/26 MP: 4/6
   527 | D:3      | Learned a level 3 spell: Conjure Flame
   561 | D:4      | jacquesderrida: Dagan
   562 | D:4      | Noticed Edmund
   563 | D:4      | Noticed a scorpion
   576 | D:5      | Entered Level 5 of the Dungeon
   580 | D:5      | :O
   654 | D:5      | Noticed a sky beast
   684 | D:6      | Found a staircase to the Ecumenical Temple.
   694 | D:6      | Noticed Blork the orc
   730 | Temple   | Entered the Ecumenical Temple
   907 | Temple   | Became a worshipper of Sif Muna the Loreminder
  1023 | D:6      | Killed Blork the orc
  1023 | D:6      | Reached skill level 4 in Fire Magic
  1023 | D:6      | Reached XP level 4. HP: 23/33 MP: 3/8
  1059 | D:5      | Learned a level 4 spell: Sticky Flame
  1080 | D:5      | Noticed a bullfrog
  1088 | D:5      | Killed a bullfrog
  1088 | D:5      | Reached XP level 5. HP: 27/38 MP: 5/9
  1151 | D:4      | Found Wostenydd's Jewellery Shoppe.
  1218 | D:4      | Found a glowing golden altar of the Shining One.
  1259 | D:4      | Reached skill level 1 in Invocations
  1289 | D:3      | Found a radiant altar of Vehumet.
  1289 | D:3      | Found a basalt altar of Yredelemnul.
  1370 | D:3      | HP: 1/38 [poisoned by a worker ant]
  1371 | D:3      | Succumbed to a worker ant's poison

Vault maps used:
D:1:      erik_arrival_blinker_ship, minmay_tall_x
D:3:      nicolae_overflow_hidden_temple
D:4:      tso_metal_star, nicolae_overflow_crystal_walls, serial_shops, shop,
          first_ration, uniq_edmund
D:5:      lemuel_round_altar, kennysheep_generic_room_14, uniq_menkaure
D:6:      old_standard_altar, nicolae_qazlal_style_of_elements, temple_doors_e,
          serial_shops, shop, minmay_misc_feat_more_columns,
          hangedman_abyss_or_decor_stabs, nemelex_diamond_rough_becter,
          uniq_blork_the_orc, uniq_eustachio, uniq_prince_ribbit1, uniq_sigmund
Temple:   bh_familiar_temple

Skill      XL: |  1  2  3  4  5 |
---------------+----------------+-----
Conjurations   | 2 3 |  3.5
Fire Magic     | 4 |  4.6
Invocations    | 1 |  1.1
Dodging        | |  1.7
Stealth        | |  1.7
Spellcasting   | |  2.9

Action                   |  1- 3 |  4- 6 || total
-------------------------+-------+-------++-------
Melee: Unarmed           |    11 |       ||    11
       Tailslap          |     1 |       ||     1
       Dire flail        |       |     6 ||     6
 Cast: Flame Tongue      |    32 |    17 ||    49
       Conjure Flame     |     2 |       ||     2
Evoke: Wand              |     4 |       ||     4
  Use: Scroll            |     7 |     2 ||     9
       Potion            |     1 |     2 ||     3
  Eat: Ration            |     1 |       ||     1
Armor: Skin              |    10 |     2 ||    12
Dodge: Dodged            |    42 |     9 ||    51

Table legend:
 A = Spawn XP
 B = Non-spawn XP
 C = Spawn XP percentage of total XP
 D = Spawn monster count
 E = Non-spawn monster count
 F = Spawn count percentage of total count
 G = Total turns spent on level
                    A         B        C        D         E        F      G
               +---------+---------+-------+---------+---------+-------+---------
         Total |       0 |     328 |   0.0 |       0 |      26 |   0.0 |  1371
               +---------+---------+-------+---------+---------+-------+---------
           D:1 |       0 |      16 |   0.0 |       0 |      10 |   0.0 |   160
           D:2 |       0 |      21 |   0.0 |       0 |       5 |   0.0 |   212
           D:3 |       0 |      43 |   0.0 |       0 |       4 |   0.0 |   266
           D:4 |       0 |      21 |   0.0 |       0 |       3 |   0.0 |   158
           D:5 |       0 |     128 |   0.0 |       0 |       3 |   0.0 |   198
           D:6 |       0 |      99 |   0.0 |       0 |       1 |   0.0 |    92
               +---------+---------+-------+---------+---------+-------+---------
